 Dungeon Crawl Stone Soup version 0.31-a0-981-geadf994542 (webtiles) character file.

Game seed: 9669132766786731652

10 Zonian the Changeling (level 2, 0/16 HPs)
             Began as a Deep Elf Shapeshifter on Nov 1, 2023.
             Slain by a jackal (3 damage)
             ... on level 1 of the Dungeon.
             The game lasted 00:00:59 (192 turns).

Zonian the Changeling (Deep Elf Shapeshifter)        Turns: 192, Time: 00:01:01

Health: 0/16       AC:  2    Str: 11    XL:     2   Next: 10%
Magic:  4/4        EV: 12    Int: 14    God:
Gold:   15         SH:  0    Dex: 14    Spells: 1/1 levels left

rFire   . .          .
                       - Unarmed
rCold   . . .        (no shield)
rNeg    . . .        a - +0 animal skin
rPois   .            (helmet currently unavailable)
rElec   .            (cloak currently unavailable)
rCorr   .            (gloves currently unavailable)
SInv    .            (boots currently unavailable)
Will    .....        (no amulet)
Stlth   +            (no ring)
HPRegen 0.22/turn    (no ring)
MPRegen 0.09/turn

%: no passive effects
@: beast-form
A: beast (slay +1)
a: Begin Untransformation


You were on level 1 of the Dungeon.
You were a hulking beast.
You visited 1 branch of the dungeon, and saw 1 of its levels.

You collected 15 gold pieces.

Inventory:

Armour
 a - a +0 animal skin (worn)
Talismans
 c - a beast talisman
 d - a flux talisman
Scrolls
 e - a scroll of immolation {unknown}
Potions
 b - a potion of lignification


   Skills:
 + Level 1.1 Fighting
 + Level 2.7 Dodging
 + Level 2.5 Unarmed Combat
 + Level 3.4 Shapeshifting


You had one spell level left.
You didn't know any spells.
Your spell library was empty.

Dungeon Overview and Level Annotations

Branches:
Dungeon (1/15)

Altars:


Message History

The jackal is severely wounded.
A jackal comes into view.
The jackal barely misses you. The jackal completely misses you.
Unknown command.
The jackal barks!
You hit the jackal.
You kill the jackal!
You hear a bark!
A jackal comes into view.
The jackal bites you but does no damage.
The jackal closely misses you.
You have reached level 2!
You hit the jackal.
The jackal is severely wounded.
The jackal closely misses you.
You hit the jackal.
The jackal is almost dead.
You hit the jackal.
You kill the jackal!
The jackal closely misses you.
Unknown command.
You barely miss the jackal. The jackal bites you. The jackal misses you.
You hit the jackal.
The jackal is moderately wounded.
The jackal bites you. x4
Unknown command.
You miss the jackal.
The jackal is moderately wounded.
The jackal bites you. The jackal closely misses you.
You closely miss the jackal.
The jackal is moderately wounded.
The jackal misses you. The jackal barely misses you.
Unknown command.
You completely miss the jackal.
The jackal is moderately wounded.
The jackal bites you.
* * * LOW HITPOINT WARNING * * *
The jackal bites you but does no damage.
The jackal bites you.
You die...

#.. ..#..# #.#..#
#### #.#..####...
#.#..#....#
###.#...hh..#
...........h#
##..####.#...## #
.............#....
##..####.#........#
#.....##.#†..#....#
#.....##.#...#....#
####.....##.#.###
#..#
..##........#.. ...
..........##### .#


You could see 2 jackals.

Vanquished Creatures
  2 giant cockroaches (D:1)
  2 jackals (D:1)
  A kobold (D:1)
  2 ball pythons (D:1)
  2 frilled lizards (D:1)
9 creatures vanquished.

Notes
Turn   | Place    | Note
-------+----------+-------------------------------------------
     0 | D:1      | Zonian the Deep Elf Shapeshifter began the quest for the
                  | Orb.
     0 | D:1      | Reached XP level 1. HP: 11/11 MP: 3/3
   121 | D:1      | Reached skill level 1 in Fighting
   185 | D:1      | Reached XP level 2. HP: 16/16 MP: 4/4
   192 | D:1      | Slain by a jackal

Illustrated notes

Levels and vault maps discovered:
D:1:      onia_arrival_pyramid, layout_basic,
          hellmonk_ecumenical_altar_dog_temple, serial_bayou_pond_c

Skill      XL: |  1 |
---------------+----+-----
Fighting       | 1 |  1.1
Dodging        | |  2.7
Unarmed Combat | |  2.5
Shapeshifting  | |  3.4

Action                     || total
---------------------------++-------
  Melee: Unarmed           ||    31
 Armour: Animal skin       ||    19
  Dodge: Dodged            ||    24

Table legend: (Time is in decaauts)
 A = Elapsed time spent in this place.
 B = Non-inter-level travel time spent in this place.
 C = Inter-level travel time spent in this place.
 D = Time resting spent in this place.
 E = Time spent auto-exploring this place.
 F = Levels seen in this place.
 G = Mean time per level.
                   A        B        C        D        E       F      G
               +--------+--------+--------+--------+--------+-----+--------+
         Total |    190 |    190 |      0 |      0 |    123 |   1 |  190.0 |
       Dungeon |    190 |    190 |      0 |      0 |    123 |   1 |  190.0 |
               +--------+--------+--------+--------+--------+-----+--------+

Top non-repeatable levels by time:
     D:1: 190 daAuts
